Map: Cyber Forest LE

Players

TiPtOP

  • Race: Terran Terran
  • League: Silver
  • Spawn Location: 5:00

ShipDit - Winner!

  • Race: Protoss Protoss
  • League: Gold
  • Spawn Location: 11:00

VOD

Have the link to the VOD?

Description

Time

  • Played on: May 7, 2019, 7:46 a.m.
  • Length: 10:35
Show
View Real Time Build Order
Export as new Build Order

TiPtOP Terran 

Build Orders: Gas First Reaper Expand 

Get SALT Encoding   

  12  0:01  SCV  
  13  0:13  SCV  
  14  0:19  Supply Depot  
  14  0:26  SCV  
  15  0:32  Refinery  
  15  0:40  SCV  
  16  0:48  Barracks  
  16  0:53  SCV  
  17  1:06  SCV  
  19  1:18  SCV  
  19  1:35  Orbital Command  
  19  1:36  Reaper  
  20  1:55  Command Center  
  20  2:05  SCV  
  21  2:20  Barracks Reactor  
  21  2:22  SCV  
  22  2:34  Supply Depot  
  22  2:58  SCV  
  22  3:21  SCV  
  23  3:34  Marine x2  
  23  3:39  Factory, SCV  
  26  3:44  SCV  
  27  3:55  Engineering Bay  
  27  4:04  Barracks  
  27  4:05  SCV  
  28  4:12  SCV  
  29  4:17  SCV  
  30  4:31  SCV x2  
  32  4:41  Factory Reactor  
  32  4:44  Starport  
  32  4:48  SCV x2  
  34  5:02  SCV x2  
  34  5:05  Barracks Tech Lab  
  36  5:07  Marine  
  36  5:08  Marine  
  38  5:14  Missile Turret  
  38  5:30  Marine x2, Marauder, Factory Tech Lab  
  38  5:32  Stimpack  
  38  5:34  SCV x2  
  44  5:35  Refinery  
  44  5:37  Refinery  
  44  5:47  Supply Depot  
  44  5:48  Marine x2  
  46  5:51  Supply Depot  
  46  6:09  Marauder, Medivac x2  
  44  6:32  Marine x2, Marauder  
  47  6:40  Missile Turret  
  47  6:46  Missile Turret  
  47  6:50  Marine x2  
  47  6:53  Marauder  
  51  6:55  Terran Infantry Weapons Level 1  
  51  6:57  SCV  
  52  7:06  SCV  
  53  7:09  SCV  
  54  7:17  Refinery  
  54  7:18  SCV  
  55  7:24  Marine x2, Marauder  
  59  7:32  Command Center  
  59  7:35  Supply Depot x2  
  59  7:38  Orbital Command  
  59  7:45  Marauder  
  61  7:56  Marine x2  
  61  7:57  Siege Tank  
  66  8:05  Supply Depot  
  66  8:07  Marauder  
  66  8:08  Supply Depot  
  66  8:09  Supply Depot  
  68  8:28  Marauder  
  68  8:29  Supply Depot  
  68  8:32  Supply Depot  
  37  9:15  Marine x3  
  19  9:26  SCV  
  20  9:32  Marine  
  20  9:33  Marine x2  
  20  9:38  SCV  
  24  9:44  SCV  
  25  9:49  SCV  
  25  9:50  SCV, Marine x2  
  25  9:51  Marine  
  30  9:56  SCV  
  31  10:02  SCV x2  
  33  10:08  SCV, Marine x3  
  33  10:14  SCV x2  
  39  10:20  SCV  
Show
View Real Time Build Order
Export as new Build Order

ShipDit Protoss - Winner!

Build Orders: 1 Gate Expand, Dark Templar Rush 

Get SALT Encoding   

  1  0:00  Probe  
  12  0:05  Probe  
  14  0:24  Pylon  
  14  0:27  Probe  
  15  0:46  Probe  
  16  0:50  Gateway  
  16  0:52  Assimilator  
  16  1:00  Probe  
  17  1:13  Probe  
  17  1:16  Pylon  
  18  1:40  Cybernetics Core  
  18  1:44  Nexus  
  18  1:46  Probe  
  19  1:53  Assimilator  
  19  1:58  Probe  
  20  2:07  Probe  
  21  2:15  Probe  
  22  2:28  Probe  
  22  2:29  Warp Gate  
  23  2:32  Stalker  
  25  2:49  Twilight Council  
  25  2:51  Probe  
  26  3:09  Probe  
  26  3:11  Probe  
  26  3:19  Probe  
  26  3:25  Probe  
  28  3:27  Probe  
  28  3:30  Dark Shrine  
  28  3:33  Pylon  
  29  3:37  Probe x2  
  29  3:38  Robotics Facility  
  31  3:45  Gateway  
  31  3:49  Probe x2  
  31  3:53  Assimilator  
  31  3:55  Assimilator  
  33  3:57  Probe  
  33  4:01  Probe  
  35  4:08  Probe  
  36  4:20  Gateway  
  36  4:21  Probe  
  36  4:22  Probe  
  38  4:25  Warp Prism  
  38  4:29  Pylon  
  40  4:36  Probe  
  40  4:40  Probe  
  42  4:50  Shadow Stride  
  42  4:52  Probe  
  43  4:53  Probe  
  44  5:02  Dark Templar  
  44  5:03  Dark Templar  
  48  5:20  Dark Templar  
  50  5:28  Dark Templar  
  52  5:40  Probe x2  
  54  5:48  Probe  
  54  5:52  Probe  
  56  6:01  Immortal  
  56  6:04  Nexus  
  60  6:08  Gateway  
  60  6:12  Templar Archives  
  50  6:33  Warp Prism  
  50  6:36  Dark Templar x3  
  56  6:46  Probe x2  
  60  6:49  Assimilator  
  60  6:53  Assimilator  
  60  6:57  Psionic Storm, Pylon  
  60  6:58  Probe  
  60  7:00  Gateway  
  60  7:01  Pylon  
  61  7:02  Gateway  
  61  7:07  Pylon  
  61  7:10  Pylon  
  61  7:11  Probe  
  61  7:13  Pylon  
  61  7:15  Probe  
  63  7:16  Pylon  
  63  7:20  Immortal  
  67  7:23  Dark Templar x2  
  71  7:40  Probe x2  
  73  7:52  Probe  
  74  7:59  Probe x2  
  75  8:31  Stalker x4  
  75  8:32  Stalker x2  
  82  8:36  Probe x3  
  83  8:48  Probe x3  
  85  8:59  Stalker x2  
  85  9:00  Stalker x4, Probe x2  
  99  9:04  Probe  
  99  9:12  Probe x2  
  99  9:16  Probe  
  100  9:19  Immortal  
  94  9:24  Probe x2  
  94  9:28  Probe  
  101  9:34  Probe  
  101  9:37  Forge  
  102  9:38  Forge  
  102  9:40  Probe  
  102  9:41  Probe  
  102  9:42  Probe  
  104  9:50  Stalker  
  104  9:51  Stalker x5  
  104  9:52  Probe  
  118  9:59  Assimilator  
  122  10:07  Nexus  
  122  10:09  Pylon  
  122  10:12  Pylon  
  118  10:14  Pylon  
  118  10:17  Pylon  
  108  10:30  Stalker x5  
  108  10:31  Stalker  
Tags
 
Add a new tag
Caveats
  • Supply blocks, unpowered buildings, or Contaminate may cause inaccurate times.
  • Supply counts are checked every 10 seconds.